Map: Year Zero LE

Players

TiPtOP

  • Race: Terran Terran
  • Spawn Location: 11:00

DrGamer - Winner!

  • Race: Terran Terran
  • League: Platinum
  • Spawn Location: 1:00

VOD

Have the link to the VOD?

Description

Time

  • Played on: May 7, 2019, 1:09 a.m.
  • Length: 8:06
Show
View Real Time Build Order
Export as new Build Order

TiPtOP Terran 

Build Orders:  

Get SALT Encoding   

  12  0:01  SCV  
  13  0:13  SCV  
  14  0:19  Supply Depot  
  14  0:25  SCV  
  15  0:34  Refinery  
  15  0:41  SCV  
  16  0:50  Barracks  
  16  0:53  SCV  
  17  1:05  SCV  
  18  1:17  SCV  
  19  1:30  SCV  
  20  1:37  Reaper  
  21  1:41  Barracks  
  21  1:42  SCV  
  22  1:54  SCV  
  23  2:00  Factory  
  23  2:13  Supply Depot  
  23  2:19  Barracks Reactor  
  23  2:29  Supply Depot  
  23  2:34  Refinery  
  23  2:35  SCV  
  24  2:43  Marine  
  25  2:53  SCV  
  26  3:03  Starport  
  26  3:05  SCV  
  27  3:08  Factory Reactor  
  27  3:19  SCV  
  28  3:31  Command Center  
  28  3:33  Marine  
  28  3:35  Marine  
  28  3:37  Barracks Tech Lab  
  29  3:51  Orbital Command  
  29  3:59  Marine x2, Marauder  
  33  4:03  Medivac  
  35  4:10  Engineering Bay  
  35  4:17  Medivac  
  35  4:21  Marauder  
  39  4:25  Marine  
  39  4:26  Marine  
  37  4:43  Marine x2  
  37  4:44  Missile Turret, Marine  
  31  5:01  Viking  
  29  5:14  Marine x2  
  29  5:15  Marauder  
  29  5:19  SCV  
  29  5:28  SCV  
  29  5:31  SCV  
  24  5:43  SCV  
  25  5:52  Marine x2  
  25  5:55  SCV  
  25  5:56  SCV  
  29  6:07  SCV  
  30  6:20  SCV  
  31  6:33  Missile Turret  
  21  7:19  Marine x2  
  21  7:20  Marauder  
  14  7:42  Marauder  
Show
View Real Time Build Order
Export as new Build Order

DrGamer Terran - Winner!

Build Orders: 1/1/1, Banshee Rush 

Get SALT Encoding   

  12  0:01  SCV  
  13  0:13  SCV  
  14  0:19  Supply Depot  
  14  0:26  SCV  
  15  0:30  Refinery  
  15  0:40  SCV  
  16  0:47  Barracks  
  16  0:53  SCV  
  17  1:05  SCV  
  18  1:17  SCV  
  19  1:24  Refinery  
  19  1:36  Factory, Orbital Command  
  19  1:38  Marine  
  20  1:55  Marine  
  20  1:56  Supply Depot  
  21  2:10  SCV  
  21  2:13  Marine  
  24  2:22  SCV  
  24  2:24  Starport  
  24  2:27  Factory Tech Lab  
  24  2:31  Marine  
  24  2:34  SCV  
  26  2:49  Marine  
  27  3:00  SCV  
  28  3:09  Supply Depot  
  28  3:10  Banshee  
  28  3:12  Cloaking Field  
  31  3:15  Factory Reactor  
  31  3:30  Marine  
  31  3:31  SCV  
  33  3:37  Command Center  
  33  3:43  SCV  
  34  3:48  Marine  
  34  3:53  Widow Mine  
  37  3:57  Widow Mine  
  37  4:01  Supply Depot  
  39  4:06  Supply Depot  
  39  4:20  Barracks  
  39  4:22  Marine, Medivac  
  42  4:27  SCV  
  43  4:39  SCV  
  43  4:43  Marine  
  45  4:48  Widow Mine  
  45  4:52  Medivac  
  49  5:00  Marine  
  50  5:09  SCV  
  51  5:16  Widow Mine  
  51  5:17  Widow Mine  
  51  5:18  Marine  
  51  5:20  Orbital Command  
  56  5:21  SCV  
  56  5:22  Medivac  
  59  5:30  Barracks Reactor  
  59  5:34  Barracks  
  57  5:47  Orbital Command  
  56  5:52  Barracks Tech Lab  
  56  6:09  Engineering Bay  
  56  6:12  Marine x3  
  56  6:15  Engineering Bay  
  56  6:16  Medivac  
  61  6:23  SCV  
  62  6:30  Marine x2  
  64  6:39  Marine x2  
  66  6:43  SCV x2  
  68  6:48  Marine x2, Supply Depot  
  69  6:55  SCV  
  69  6:57  Marine  
  70  7:02  Marine  
  70  7:06  Marine x2  
  68  7:15  Marine  
  61  7:19  SCV x2, Marine  
  61  7:23  Marine  
  61  7:24  Marine  
  62  7:32  Marine  
  61  7:37  Marine  
Tags
 
League
Platinum
Matchup
TvT
Opening
1/1/1
Race
Terran
Spawn Locations
Close Positions
Strategy
Banshee Rush
Add a new tag
Caveats
  • Supply blocks, unpowered buildings, or Contaminate may cause inaccurate times.
  • Supply counts are checked every 10 seconds.